 Dungeon Sprint DCSS version 0.18-a0-1572-g0a86841 (webtiles) character file.

700 Oddball22 the Transmogrifier (level 7, -13/49 HPs)
             Began as an Octopode Transmuter on Mar 15, 2016.
             Was a Priest of Sif Muna.
             Mangled by a centaur warrior (14 damage)
             ... in the Dungeon (Sprint IX: "|||||||||||||||||||||||||||||").
             The game lasted 00:03:29 (676 turns).

Oddball22 the Transmogrifier (Octopode Transmuter)   Turns: 676, Time: 00:03:29

Health: -13/49     AC:  5    Str:  9    XL:     7   Next: 65%
Magic:  15/19      EV: 14    Int: 15    God:    Sif Muna [***...]
Gold:   0          SH:  0    Dex: 15    Spells: 4 memorised, 10 levels left

rFire  . . .     SeeInvis .       - Unarmed
rCold  . . .     Gourm    .     (shield currently unavailable)
rNeg   . . .     Faith    .     (helmet restricted)
rPois  .         Spirit   .     (no amulet)
rElec  .         Dismiss  .     o - +2 ring of protection
rCorr  .         Reflect  .     p - +2 ring of protection
SustAt .         Harm     .     (no ring)
MR     .....     NoTele   +     (no ring)
Stlth  ++........               (no ring)
                                (no ring)
                                (no ring)
                                (no ring)

@: blade tentacles, not resistant to hostile enchantments, unstealthy
A: almost no armour, amphibious, 8 rings, constrict 8, camouflage 1, gelatinous
body 1
a: End Transformation, Channel Energy, Renounce Religion


You were in the Dungeon.
You worshipped Sif Muna.
Sif Muna was most pleased with you.
You were not hungry.
You had blades for tentacles.
You visited 1 branch

Inventory:

Hand Weapons
 n - the +2 morningstar of Sloth {freeze, MR- Dex+7}
   (You found it in the Dungeon)

   It has been specially enchanted to freeze those struck by it, causing extra
   injury to most foes and up to half again as much damage against particularly
   susceptible opponents.
   It can also slow down cold-blooded creatures.
   It affects your dexterity (+7).
   It affects your resistance to hostile enchantments.
Missiles
 a - 12 arrows
Jewellery
 o - a +2 ring of protection (left scythe-like blade)
 p - a +2 ring of protection (right scythe-like blade)
Wands
 m - a wand of lightning (7/15)
Scrolls
 i - 2 scrolls of blinking
 k - 3 scrolls of remove curse
 l - 2 scrolls of amnesia
Potions
 d - 5 potions of curing
 e - 2 potions of heal wounds
 f - a potion of haste
 g - 4 potions of magic
Books
 b - a book of Changes

   Spells                             Type                      Level
   a - Beastly Appendage              Transmutation                1
   b - Sticks to Snakes               Transmutation                2
   c - Spider Form                    Transmutation/Poison         3
   d - Ice Form                       Ice/Transmutation            4
   e - Blade Hands                    Transmutation                5


   Skills:
 + Level 4.5 Fighting
 + Level 4.8 Dodging
 + Level 5.3 Unarmed Combat
 - Level 8.6 Spellcasting
 * Level 9.2 Transmutations
 + Level 4.3 Ice Magic
 - Level 5.0 Poison Magic


You had 10 spell levels left.
You knew the following spells:

 Your Spells              Type           Power        Failure   Level  Hunger
a - Beastly Appendage     Trmt           ####..       12%         1    None
b - Spider Form           Trmt/Pois      ####......   21%         3    ##.....
c - Ice Form              Ice/Trmt       ####....     45%         4    ####...
d - Blade Hands           Trmt           ####......   45%         5    #####..


Dungeon Overview and Level Annotations

Branches:
Dungeon (1/1)

Altars:
Cheibriados
Dithmenos
Elyvilon
Fedhas
Gozag
Kikubaaqudgha
Makhleb
Nemelex Xobeh
Okawaru
Pakellas
Qazlal
Ru
Sif Muna
Trog
Vehumet
Xom
Yredelemnul
Zin
The Shining One
Beogh
Jiyva
Lugonu


Innate Abilities, Weirdness & Mutations

You cannot wear most types of armour.
You are amphibious.
You can wear up to eight rings at the same time.
You can use your tentacles to constrict eight enemies at once.
Your skin changes colour to match your surroundings (Stealth).
Your rubbery body absorbs attacks (AC +1).


Message History

You open the door.
A crocodile, a black bear, a kobold demonologist, 2 centaur warriors and a zombie come into view.
The black bear growls angrily.
The kobold demonologist shouts!
The centaur warrior shouts! x2
The centaur warrior closely misses you.
There is an open door here.
You slash the centaur warrior! You squeeze the centaur warrior.
The centaur warrior is lightly wounded.
The centaur warrior hits you! x2
You slash the centaur warrior!
The centaur warrior is moderately wounded.
The centaur warrior hits you!
You slash the centaur warrior!
The centaur warrior is heavily wounded.
The centaur warrior hits you!
* * * LOW HITPOINT WARNING * * *
You hit the centaur warrior.
The centaur warrior is heavily wounded.
The centaur warrior hits you!
You die... ▓▓▓▓▓▓▓▓▓▓▓▓▓▓▓▓▓▓▓▓▓▓▓▓ +tZchKc@....[.'..[[[)|.. ▓▓▓▓▓▓▓▓▓▓▓▓▓▓▓▓▓▓▓▓▓▓▓▓

You could see 2 centaur warriors, a kobold demonologist, a crocodile, a black bear and a quokka zombie.

Vanquished Creatures
  A troll (D)
  A hungry ghost (D)
  An orc warrior (D)
  An ice beast (D)
  A giant frog (D)
  A jelly (D)
  A gnoll shaman (D)
  2 worker ants (D)
  A giant gecko (D)
  2 bats (D)
  A giant cockroach (D)
  A hobgoblin (D)
  A jackal (D)
  A kobold (D)
16 creatures vanquished.

Notes
Turn   | Place    | Note
--------------------------------------------------------------
     0 | D        | Oddball22 the Octopode Transmuter began the quest for the Orb.
     0 | D        | Reached XP level 1. HP: 13/13 MP: 3/3
   106 | D        | Noticed a jelly
   106 | D        | Noticed a worker ant
   106 | D        | Noticed an ice beast
   106 | D        | Noticed a gnoll shaman
   109 | D        | Reached XP level 2. HP: 18/18 MP: 3/6
   112 | D        | Reached skill level 5 in Spellcasting
   112 | D        | Reached skill level 4 in Transmutations
   112 | D        | Reached XP level 3. HP: 23/23 MP: 3/9
   118 | D        | Killed an ice beast
   118 | D        | Reached skill level 5 in Transmutations
   118 | D        | Reached XP level 4. HP: 6/28 MP: 4/13
   118 | D        | Reached XP level 5. HP: 7/33 MP: 4/15
   120 | D        | Reached skill level 6 in Transmutations
   130 | D        | Found a glowing silver altar of Zin.
   130 | D        | Found a glowing golden altar of the Shining One.
   130 | D        | Found an ancient bone altar of Kikubaaqudgha.
   130 | D        | Found a basalt altar of Yredelemnul.
   130 | D        | Found a shimmering altar of Xom.
   130 | D        | Found a radiant altar of Vehumet.
   131 | D        | Found an iron altar of Okawaru.
   132 | D        | Found a burning altar of Makhleb.
   133 | D        | Found a deep blue altar of Sif Muna.
   134 | D        | Found a bloodstained altar of Trog.
   135 | D        | Found a sparkling altar of Nemelex Xobeh.
   136 | D        | Found a white marble altar of Elyvilon.
   137 | D        | Found a roughly hewn altar of Beogh.
   138 | D        | Found a viscous altar of Jiyva.
   139 | D        | Found a corrupted altar of Lugonu.
   140 | D        | Found a blossoming altar of Fedhas.
   141 | D        | Became a worshipper of Sif Muna the Loreminder
   142 | D        | Found a snail-covered altar of Cheibriados.
   143 | D        | Found a shadowy altar of Dithmenos.
   144 | D        | Found a stormy altar of Qazlal.
   145 | D        | Found an opulent altar of Gozag.
   146 | D        | Found a sacrificial altar of Ru.
   147 | D        | Found an oddly glowing altar of Pakellas.
   167 | D        | Got the +2 morningstar of Sloth {freeze, MR- Dex+7}
   382 | D        | Learned a level 3 spell: Spider Form
   387 | D        | Learned a level 4 spell: Ice Form
   393 | D        | Learned a level 5 spell: Blade Hands
   396 | D        | Noticed a hungry ghost
   396 | D        | Noticed a troll
   396 | D        | Noticed an orc warrior
   409 | D        | Killed an orc warrior
   409 | D        | Reached * piety under Sif Muna
   409 | D        | Reached skill level 7 in Transmutations
   409 | D        | Reached XP level 6. HP: 25/41 MP: 13/17
   415 | D        | Killed a troll
   415 | D        | Reached ** piety under Sif Muna
   415 | D        | Reached skill level 8 in Transmutations
   415 | D        | Reached XP level 7. HP: 6/47 MP: 15/19
   423 | D        | Reached skill level 5 in Unarmed Combat
   438 | D        | Killed a hungry ghost
   438 | D        | Reached *** piety under Sif Muna
   438 | D        | Reached skill level 9 in Transmutations
   438 | D        | Reached skill level 5 in Poison Magic
   671 | D        | Noticed a centaur warrior
   671 | D        | Noticed a kobold demonologist
   671 | D        | Noticed a centaur warrior
   675 | D        | HP: 1/49 [centaur warrior (15)]
   676 | D        | Mangled by a centaur warrior

Vault maps used:
D:        linesprint

Skill      XL: |  1  2  3  4  5  6  7 |
---------------+----------------------+-----
Spellcasting   | 3 5 7 8 |  8.6
Transmutations | 4 5 7 8 9 |  9.2
Fighting       | 2 3 4 |  4.5
Dodging        | 3 4 |  4.8
Ice Magic      | 2 3 4 |  4.3
Poison Magic   | 2 4 5 |  5.0
Unarmed Combat | 4 5 |  5.3

Action                   |  1- 3 |  4- 6 |  7- 9 || total
-------------------------+-------+-------+-------++-------
Melee: Unarmed           |    19 |    20 |    22 ||    61
 Cast: Beastly Appendage |     2 |       |       ||     2
       Blade Hands       |       |     1 |     2 ||     3
  Use: Potion            |     1 |     1 |     1 ||     3
 Stab: Invisible         |       |     2 |       ||     2
  Eat: Chunk             |       |       |     2 ||     2
       Bread ration      |       |       |     1 ||     1
